[ AOE2 MATCH · #495733741 ]
UnrankedChinese vs Malians
Player's team · LOSS
Rival team · WIN
[ REPLAY ANALYSIS · EXTRACTED FROM THE RECORDED GAME ]
Feudal
8:51
Castle
21:14
Imperial
—
| APM avg | 51.2 |
| APM peak | 95 |
| eAPM avg | 24.8 |
| Villagers / military | 96 / 111 |
Focus
⚔️ 48.8% · 🌾 51.2%
Archer ×55 · Knight ×30 · Scout Cavalry ×10 · Iron Pagoda ×7 · Chu Ko Nu ×5 · Scorpion ×2
Feudal
9:20
Castle
19:17
Imperial
41:45
| APM avg | 60.1 |
| APM peak | 103 |
| eAPM avg | 25.0 |
| Villagers / military | 150 / 109 |
Focus
⚔️ 38.3% · 🌾 61.7%
Cavalry Archer ×80 · Knight ×10 · Mangonel ×8 · Scout Cavalry ×4 · Gbeto ×3 · Trebuchet (Packed) ×2
Match map
Initial resources + every placement click. Lines = walls · curves = elevation contours. ◆ gold · ⬟ stone · ● berries · ✦ relic · ◌ wall gap
Your base· ✓ Closed at 21:14 · 46t walls · 1 gate(s)
_DY_孟川's base· ✓ Closed at 19:17 · 25t walls · no gate
Smoothed initial terrain · ◌ = detected wall gap · hover for details
Inputs per minute
— buddybadi - - _DY_孟川
Build order — buddybadi
First 150 of 339 actions detected
| 0:05 | Research | Loom |
| 0:38 | Create | Villager (Male) |
| 0:39 | Create | Villager (Male) |
| 1:05 | Create | Villager (Male) |
| 1:05 | Create | Villager (Male) |
| 1:28 | Create | Villager (Male) |
| 1:55 | Create | Villager (Male) |
| 2:18 | Create | Villager (Male) |
| 2:18 | Create | Villager (Male) |
| 2:41 | Create | Villager (Male) |
| 2:55 | Build | House |
| 2:57 | Build | House |
| 3:03 | Create | Villager (Male) |
| 3:29 | Create | Villager (Male) |
| 3:37 | Build | House |
| 3:41 | Build | Palisade Wall |
| 3:56 | Create | Villager (Male) |
| 3:59 | Build | Lumber Camp |
| 4:21 | Create | Villager (Male) |
| 4:47 | Create | Villager (Male) |
| 5:07 | Build | Palisade Wall |
| 5:11 | Create | Villager (Male) |
| 5:33 | Create | Villager (Male) |
| 5:47 | Build | Mill |
| 6:02 | Create | Villager (Male) |
| 6:18 | Build | Palisade Wall |
| 6:41 | Research | Feudal Age |
| 6:42 | Research | Feudal Age |
| 7:21 | Build | Palisade Wall |
| 8:01 | Build | Barracks |
| 8:15 | Build | House |
| 8:17 | Build | House |
| 8:20 | Create | Villager (Male) |
| 8:49 | Build | Palisade Wall |
| 8:51 | Age | Feudal Age |
| 8:54 | Create | Villager (Male) |
| 8:56 | Build | Mining Camp |
| 9:25 | Create | Villager (Male) |
| 10:05 | Create | Villager (Male) |
| 10:07 | Build | Archery Range |
| 10:16 | Create | Spearman |
| 10:25 | Build | Palisade Wall |
| 10:26 | Build | Palisade Wall |
| 10:30 | Create | Villager (Male) |
| 10:33 | Create | Spearman |
| 10:41 | Build | Palisade Wall |
| 10:45 | Create | Villager (Male) |
| 10:47 | Build | Farm |
| 10:48 | Build | Farm |
| 10:58 | Create | Archer |
| 10:58 | Create | Archer |
| 11:08 | Create | Villager (Male) |
| 11:30 | Create | Archer |
| 11:33 | Create | Villager (Male) |
| 11:35 | Build | Farm |
| 11:50 | Build | Palisade Wall |
| 11:59 | Build | Palisade Wall |
| 12:01 | Create | Villager (Male) |
| 12:03 | Build | Farm |
| 12:04 | Build | Farm |
| 12:07 | Create | Archer |
| 12:08 | Create | Archer |
| 12:14 | Build | Palisade Wall |
| 12:38 | Create | Villager (Male) |
| 12:43 | Build | House |
| 12:44 | Research | Double-Bit Axe |
| 12:53 | Build | House |
| 12:57 | Build | Palisade Wall |
| 13:10 | Create | Villager (Male) |
| 13:12 | Create | Archer |
| 13:29 | Build | Farm |
| 13:36 | Create | Villager (Male) |
| 13:39 | Create | Archer |
| 13:46 | Build | Farm |
| 13:49 | Build | Farm |
| 13:55 | Create | Villager (Male) |
| 14:01 | Build | House |
| 14:11 | Build | House |
| 14:17 | Create | Archer |
| 14:23 | Build | Lumber Camp |
| 14:32 | Create | Villager (Male) |
| 14:36 | Create | Archer |
| 14:57 | Create | Villager (Male) |
| 14:59 | Build | Farm |
| 15:11 | Create | Archer |
| 15:16 | Build | Blacksmith |
| 15:30 | Create | Villager (Male) |
| 15:44 | Build | House |
| 15:46 | Build | Palisade Wall |
| 15:55 | Create | Villager (Male) |
| 16:00 | Build | Farm |
| 16:00 | Build | Farm |
| 16:01 | Build | Farm |
| 16:08 | Build | Palisade Wall |
| 16:21 | Create | Villager (Male) |
| 16:22 | Create | Villager (Male) |
| 16:28 | Create | Archer |
| 16:30 | Research | Fletching |
| 16:41 | Create | Villager (Male) |
| 16:43 | Build | Farm |
| 16:45 | Build | Farm |
| 17:21 | Create | Archer |
| 17:22 | Create | Villager (Male) |
| 17:25 | Build | Farm |
| 17:27 | Build | Farm |
| 17:30 | Build | Market |
| 17:49 | Create | Archer |
| 17:53 | Create | Villager (Male) |
| 18:11 | Build | Farm |
| 18:12 | Build | Farm |
| 18:12 | Build | Farm |
| 18:12 | Build | Farm |
| 18:33 | Create | Archer |
| 18:34 | Research | Castle Age |
| 18:40 | Build | Farm |
| 18:41 | Build | Farm |
| 19:22 | Create | Archer |
| 19:35 | Build | House |
| 19:38 | Build | Stable |
| 19:43 | Research | Gold Mining |
| 20:04 | Build | Palisade Gate |
| 20:17 | Research | Horse Collar |
| 20:30 | Research | Scale Barding Armor |
| 20:34 | Build | Stable |
| 20:48 | Build | Archery Range |
| 20:58 | Research | Padded Archer Armor |
| 21:02 | Create | Villager (Male) |
| 21:14 | Age | Castle Age |
| 21:16 | Research | Crossbowman (upgrade) |
| 21:17 | Research | Bodkin Arrow |
| 21:17 | Research | Bodkin Arrow |
| 21:31 | Create | Villager (Male) |
| 21:42 | Build | University |
| 21:46 | Create | Archer |
| 21:50 | Create | Villager (Male) |
| 21:54 | Create | Archer |
| 21:55 | Create | Archer |
| 22:10 | Create | Villager (Male) |
| 22:11 | Create | Knight |
| 22:17 | Research | Scale Barding Armor |
| 22:17 | Research | Scale Barding Armor |
| 22:19 | Create | Knight |
| 22:27 | Build | House |
| 22:29 | Build | House |
| 22:30 | Build | House |
| 22:30 | Build | House |
| 22:39 | Create | Archer |
| 22:40 | Create | Knight |
| 22:42 | Create | Villager (Male) |
| 22:46 | Build | House |
Build order — _DY_孟川
First 150 of 408 actions detected
| 0:02 | Create | Villager (Male) |
| 0:02 | Create | Villager (Male) |
| 0:03 | Build | House |
| 0:04 | Build | House |
| 0:05 | Create | Villager (Male) |
| 0:07 | Create | Villager (Male) |
| 0:07 | Create | Villager (Male) |
| 1:26 | Create | Villager (Male) |
| 1:59 | Create | Villager (Male) |
| 2:24 | Create | Villager (Male) |
| 2:47 | Build | Lumber Camp |
| 2:51 | Create | Villager (Male) |
| 2:51 | Create | Villager (Male) |
| 3:08 | Create | Villager (Male) |
| 3:35 | Build | Mill |
| 3:38 | Create | Villager (Male) |
| 3:38 | Create | Villager (Male) |
| 3:59 | Create | Villager (Male) |
| 3:59 | Create | Villager (Male) |
| 4:20 | Build | House |
| 4:25 | Research | Loom |
| 4:52 | Create | Villager (Male) |
| 4:53 | Create | Villager (Male) |
| 5:14 | Create | Villager (Male) |
| 5:51 | Create | Villager (Male) |
| 5:52 | Create | Villager (Male) |
| 6:02 | Build | Palisade Wall |
| 6:19 | Create | Villager (Male) |
| 6:36 | Build | Palisade Wall |
| 7:10 | Research | Feudal Age |
| 7:27 | Build | Palisade Wall |
| 7:35 | Build | Palisade Wall |
| 7:36 | Build | Palisade Wall |
| 7:37 | Build | Palisade Wall |
| 7:38 | Build | Palisade Wall |
| 8:13 | Build | Barracks |
| 8:47 | Build | House |
| 9:20 | Age | Feudal Age |
| 9:22 | Build | Stable |
| 9:24 | Create | Villager (Male) |
| 9:25 | Research | Double-Bit Axe |
| 9:29 | Build | Mill |
| 9:30 | Create | Spearman |
| 9:34 | Create | Villager (Male) |
| 9:46 | Build | Palisade Wall |
| 9:51 | Create | Villager (Male) |
| 9:53 | Build | House |
| 10:00 | Create | Villager (Male) |
| 10:03 | Create | Scout Cavalry |
| 10:20 | Build | Palisade Wall |
| 10:22 | Create | Scout Cavalry |
| 10:39 | Build | House |
| 10:45 | Create | Villager (Male) |
| 10:48 | Build | Farm |
| 10:49 | Build | Farm |
| 11:12 | Create | Villager (Male) |
| 11:15 | Build | Farm |
| 11:31 | Create | Scout Cavalry |
| 11:31 | Create | Scout Cavalry |
| 11:38 | Build | Farm |
| 11:42 | Create | Villager (Male) |
| 11:46 | Build | Farm |
| 12:18 | Create | Villager (Male) |
| 12:18 | Build | Farm |
| 12:30 | Build | Mining Camp |
| 12:39 | Create | Villager (Male) |
| 12:47 | Build | Farm |
| 12:48 | Build | Farm |
| 12:49 | Create | Villager (Male) |
| 13:19 | Build | Farm |
| 13:20 | Create | Villager (Male) |
| 13:47 | Create | Villager (Male) |
| 13:49 | Build | Farm |
| 13:49 | Build | Farm |
| 13:50 | Build | Farm |
| 14:07 | Research | Wheelbarrow |
| 14:09 | Build | House |
| 14:41 | Build | House |
| 14:42 | Create | Villager (Male) |
| 15:14 | Build | Blacksmith |
| 15:22 | Create | Villager (Male) |
| 15:50 | Create | Villager (Male) |
| 16:02 | Build | Archery Range |
| 16:26 | Create | Villager (Male) |
| 16:31 | Research | Castle Age |
| 16:45 | Build | Archery Range |
| 17:11 | Research | Gold Mining |
| 17:13 | Research | Horse Collar |
| 17:34 | Build | House |
| 17:36 | Build | House |
| 18:03 | Research | Fletching |
| 19:17 | Age | Castle Age |
| 19:19 | Build | Town Center |
| 19:20 | Create | Cavalry Archer |
| 19:22 | Create | Cavalry Archer |
| 19:23 | Research | Bodkin Arrow |
| 19:25 | Create | Villager (Male) |
| 19:27 | Create | Villager (Male) |
| 19:30 | Build | House |
| 20:00 | Create | Villager (Male) |
| 20:09 | Create | Cavalry Archer |
| 20:09 | Create | Cavalry Archer |
| 20:11 | Create | Villager (Male) |
| 20:11 | Create | Villager (Male) |
| 20:24 | Build | Siege Workshop |
| 20:29 | Create | Villager (Male) |
| 20:30 | Build | House |
| 20:32 | Build | House |
| 20:35 | Create | Cavalry Archer |
| 20:36 | Create | Cavalry Archer |
| 20:38 | Create | Villager (Male) |
| 20:41 | Create | Villager (Male) |
| 20:59 | Build | House |
| 21:03 | Create | Cavalry Archer |
| 21:08 | Create | Villager (Male) |
| 21:09 | Create | Villager (Male) |
| 21:16 | Build | House |
| 21:17 | Create | Villager (Male) |
| 21:20 | Create | Villager (Male) |
| 21:20 | Create | Villager (Male) |
| 21:31 | Create | Mangonel |
| 21:40 | Research | Bow Saw |
| 21:40 | Research | Bow Saw |
| 21:41 | Research | Town Watch |
| 21:53 | Build | Lumber Camp |
| 21:54 | Create | Villager (Male) |
| 21:54 | Create | Villager (Male) |
| 21:56 | Build | House |
| 22:08 | Create | Cavalry Archer |
| 22:09 | Create | Cavalry Archer |
| 22:10 | Create | Villager (Male) |
| 22:10 | Create | Villager (Male) |
| 22:10 | Create | Villager (Male) |
| 22:16 | Create | Villager (Male) |
| 22:38 | Create | Villager (Male) |
| 22:49 | Create | Villager (Male) |
| 22:50 | Build | House |
| 22:57 | Create | Mangonel |
| 22:59 | Create | Villager (Male) |
| 22:59 | Create | Villager (Male) |
| 23:25 | Create | Villager (Male) |
| 23:28 | Build | House |
| 23:28 | Build | House |
| 23:32 | Create | Cavalry Archer |
| 23:32 | Create | Cavalry Archer |
| 23:33 | Build | Farm |
| 23:34 | Build | Farm |
| 23:36 | Create | Villager (Male) |
| 23:48 | Create | Cavalry Archer |
| 23:55 | Create | Cavalry Archer |
Match timeline
| 3:41 | buddybadi · wall_segment Palisade Wall x2 |
| 5:07 | buddybadi · wall_segment Palisade Wall x2 |
| 6:02 | _DY_孟川 · wall_segment Palisade Wall x1 |
| 6:18 | buddybadi · wall_segment Palisade Wall x12 |
| 6:36 | _DY_孟川 · wall_segment Palisade Wall x7 |
| 7:21 | buddybadi · wall_segment Palisade Wall x5 |
| 7:27 | _DY_孟川 · wall_segment Palisade Wall x5 |
| 7:35 | _DY_孟川 · wall_segment Palisade Wall x1 |
| 7:36 | _DY_孟川 · wall_segment Palisade Wall x1 |
| 7:37 | _DY_孟川 · wall_segment Palisade Wall x1 |
| 7:38 | _DY_孟川 · wall_segment Palisade Wall x1 |
| 8:01 | buddybadi · first_building Barracks |
| 8:13 | _DY_孟川 · first_building Barracks |
| 8:49 | buddybadi · wall_segment Palisade Wall x1 |
| 8:51 | buddybadi · age_up feudal |
| 9:20 | _DY_孟川 · age_up feudal |
| 9:22 | _DY_孟川 · first_building Stable |
| 9:46 | _DY_孟川 · wall_segment Palisade Wall x3 |
| 10:07 | buddybadi · first_building Archery Range |
| 10:20 | _DY_孟川 · wall_segment Palisade Wall x5 |
| 10:25 | buddybadi · wall_segment Palisade Wall x14 |
| 10:26 | buddybadi · wall_segment Palisade Wall x1 |
| 10:41 | buddybadi · wall_segment Palisade Wall x6 |
| 11:50 | buddybadi · wall_segment Palisade Wall x1 |
| 11:59 | buddybadi · wall_segment Palisade Wall x5 |
| 12:14 | buddybadi · wall_segment Palisade Wall x3 |
| 12:57 | buddybadi · wall_segment Palisade Wall x1 |
| 15:46 | buddybadi · wall_segment Palisade Wall x1 |
| 16:02 | _DY_孟川 · first_building Archery Range |
| 16:08 | buddybadi · wall_segment Palisade Wall x2 |
| 18:19 | buddybadi · first_market_buy 100 food |
| 19:17 | _DY_孟川 · age_up castle |
| 19:38 | buddybadi · first_building Stable |
| 20:24 | _DY_孟川 · first_building Siege Workshop |
| 21:14 | buddybadi · age_up castle |
| 24:06 | buddybadi · first_market_sell 100 stone |
| 26:16 | buddybadi · first_building Siege Workshop |
| 27:45 | _DY_孟川 · first_building Monastery |
| 36:47 | _DY_孟川 · first_building Castle |
| 38:35 | buddybadi · first_building Castle |
| 41:45 | _DY_孟川 · age_up imperial |
| 41:53 | buddybadi · resign |
[ AI ANALYSIS · 1 CREDIT ]
What really happened in this match?
Wolo.gg analyzes every decision: build order, eco, micro, common mistakes by bracket. Personalized analysis on WhatsApp or Discord in 30 seconds.
Civ guide
Chinese
Perfil
Jugador #8335776